 Dungeon Crawl Stone Soup version 0.30.0-19-g36f170ea60 (webtiles) character file.

Game seed: 7341086569432011220

90 Irreverend the Digger (level 4, -15/24 HPs)
             Began as a Gargoyle Earth Elementalist on May 30, 2023.
             Killed by divine providence
             ... invoked by an orc priest
              (17 damage)
             ... on level 3 of the Dungeon.
             The game lasted 00:04:11 (2236 turns).

Irreverend the Digger (Gargoyle Earth Elementalist) Turns: 2236, Time: 00:04:11

Health: -15/24     AC:  5    Str: 12    XL:     4   Next: 56%
Magic:  3/7        EV: 12    Int: 17    God:
Gold:   152        SH:  0    Dex: 10    Spells: 4/8 levels left

rFire   + . .        (no weapon)
rCold   . . .        (no shield)
rNeg    + . .        a - +0 robe
rPois   ∞            (no helmet)
rElec   +            (no cloak)
rCorr   .            (no gloves)
SInv    .            (no boots)
Will    .....        (no amulet)
Stlth   ++           h - ring of protection from fire
HPRegen 0.24/turn    (no ring)
MPRegen 0.10/turn

%: no passive effects
@: no status effects
A: sickness immunity, AC +3, negative energy resistance 1, electricity
resistance, torment resistance 1, petrification resistance
a: no special abilities


You were on level 3 of the Dungeon.
You visited 1 branch of the dungeon, and saw 3 of its levels.

You collected 152 gold pieces.

Inventory:

Armour
 a - a +0 robe (worn)
Jewellery
 d - an amulet of guardian spirit
 h - a ring of protection from fire (left hand)
Scrolls
 c - 4 scrolls of identify {unknown}
 e - 3 scrolls of noise {unknown}
 f - a scroll of magic mapping {unknown}
 g - a scroll of immolation {unknown}
 j - 2 scrolls of teleportation {unknown}
 m - a scroll of fear {unknown}
 n - a scroll of butterflies {unknown}
Potions
 b - a potion of magic
 i - a potion of invisibility {unknown}
 k - a potion of brilliance {unknown}
 l - 3 potions of curing {unknown}
 o - a potion of ambrosia {unknown}
 p - a potion of degeneration {unknown}
 q - a potion of attraction {unknown}


   Skills:
 + Level 2.2 Dodging
 - Level 2.1 Stealth
 + Level 2.6 Spellcasting
 + Level 1.1 Conjurations
 - Level 1.0 Transmutations
 * Level 4.9 Earth Magic


You had 4 spell levels left.
You knew the following spells:

 Your Spells              Type           Power      Damage    Failure   Level
a - Sandblast             Erth           36%        2d10      2%          1
b - Stone Arrow           Conj/Erth      24%        3d8       16%         3

Your spell library contained the following spells:

 Spells                   Type           Power      Damage    Failure   Level
 Passwall                 Tmut/Erth      10%        N/A       9%          2
 Momentum Strike          Conj/Tloc      8%         3d8       22%         2
 Blink                    Tloc           4%         N/A       28%         2
 Lesser Beckoning         Tloc           4%         N/A       28%         2
 Petrify                  Tmut/Erth      12%        N/A       47%         4
 Summon Guardian Golem    Hex/Summ       2%         N/A       50%         3
 Orb of Destruction       Conj           3%         9d5       100%        7
 Spellforged Servitor     Conj/Summ      2%         N/A       100%        7


Dungeon Overview and Level Annotations

Branches:
Dungeon (3/15)

Altars:
Trog


Innate Abilities, Weirdness & Mutations

You are immune to sickness and miasma.
Your stone body is resilient. (AC +3)
You are immune to poison.
You resist negative energy. (rN+)
You are resistant to electric shocks. (rElec)
You are resistant to unholy torment.
You are immune to petrification.


Message History

The orc attacks as you move away! The orc closely misses you.
The adder attacks as you move away! The adder bites you but does no damage.
You see here a bat corpse.
The adder bites you but does no damage. The adder attacks as you move away!
The adder closely misses you. The adder attacks as you move away!
The adder closely misses you. The adder barely misses you.
The orc hits you but does no damage. The adder attacks as you move away!
The adder barely misses you. The adder closely misses you.
You are confused.
The orc priest shouts!
The adder misses you.
A puff of flame appears from out of thin air!
The puff of flame misses you.
The puff of flame hits the adder!
The orc priest miscasts a cantrip.
The adder barely misses you.
A magic dart appears from out of thin air!
The magic dart hits you! The adder bites you but does no damage.
The adder barely misses you. The adder bites you but does no damage.
The orc priest zaps a wand.
The roots erupt in riotous growth!
The adder barely misses you.
You feel less confused. The adder closely misses you.
The adder bites you but does no damage. The orc hits you with a +0 dagger.
* * * LOW HITPOINT WARNING * * *
Something hits you.
* * * LOW HITPOINT WARNING * * *
The orc hits you with a +0 dagger.
* * * LOW HITPOINT WARNING * * *
The adder barely misses you.
The orc priest hits you with a +1 dagger of venom.
* * * LOW HITPOINT WARNING * * *
The orc priest attacks as you move away!
The orc priest completely misses you. The orc attacks as you move away!
The orc misses you.
The orc priest invokes the aid of Beogh against you.
Beogh smites you!
Ouch! That really hurt!
You die...

# ##.#...............
.#.##..#...............
......#................
........#............>.
.##....................
....#####...............
..######................
. ...........o####.....
..###.....{o.@.......
#.....S#####...##
#<.....# ... #......# .
########


You could see an orc priest, an adder and an orc.

Vanquished Creatures
  An orc wizard (D:3)
  An adder (D:3)
  2 worms (D:2)
  7 bats
  6 endoplasms
  A giant cockroach (D:1)
  3 goblins
  5 hobgoblins
  3 jackals (D:1)
  5 kobolds
  4 quokkas
  4 ball pythons
  5 rats
47 creatures vanquished.

Notes
Turn   | Place    | Note
-------+----------+-------------------------------------------
     0 | D:1      | Irreverend the Gargoyle Earth Elementalist began the quest
                  | for the Orb.
     0 | D:1      | Reached XP level 1. HP: 10/10 MP: 3/3
   285 | D:1      | Reached skill level 1 in Transmutations
   285 | D:1      | Reached XP level 2. HP: 15/15 MP: 3/5
   353 | D:1      | Reached skill level 4 in Earth Magic
   412 | D:1      | Found a faded altar of an unknown god.
   598 | D:1      | Reached XP level 3. HP: 19/19 MP: 0/6
   672 | D:1      | Learned a level 3 spell: Stone Arrow
  1759 | D:2      | Found a bloodstained altar of Trog.
  2096 | D:3      | Reached XP level 4. HP: 24/24 MP: 4/7
  2204 | D:3      | Reached skill level 1 in Conjurations
  2235 | D:3      | HP: 1/24 [orc priest/+1 dagger of venom (1)]
  2236 | D:3      | Killed from afar by an orc priest

Illustrated notes

Levels and vault maps discovered:
D:1:      dpeg_arrival_round_a, layout_loops_ring,
          hellmonk_ecumenical_altar_zigzags, bh_walls_and_bars
D:2:      layout_loops_ring, basic_altar
D:3:      layout_rooms, makhleb_altar_promises_db, gup_sewer_entry_bowl

Skill      XL: |  1  2  3  4 |
---------------+-------------+-----
Transmutations | 1 |  1.0
Earth Magic    | 4 |  4.9
Dodging        | 2 |  2.2
Conjurations   | 1 |  1.1
Stealth        | |  2.1
Spellcasting   | |  2.6

Action                     |  1- 3 |  4- 6 || total
---------------------------+-------+-------++-------
   Cast: Sandblast         |    59 |     8 ||    67
         Stone Arrow       |     1 |     2 ||     3
 Armour: Robe              |     4 |     8 ||    12
  Dodge: Dodged            |    11 |    21 ||    32
